 Dungeon Crawl Stone Soup version 0.27.0 (webtiles) character file.

Game seed: 14898676196654276492

388 asterach the Sneak (level 6, -9/32 HPs)
             Began as a Vine Stalker Brigand on July 31, 2021.
             Was a Priest of Cheibriados.
             Mangled by an ogre (17 damage)
             ... on level 4 of the Dungeon.
             The game lasted 00:12:03 (3129 turns).

asterach the Sneak (Vine Stalker Brigand)           Turns: 3129, Time: 00:12:04

Health: -9/32      AC:  7    Str: 23    XL:     6   Next: 79%
Magic:  0/7        EV: 12    Int: 19    God:    Cheibriados [***...]
Gold:   163        SH:  5    Dex: 26    Spells: 5/5 levels left

rFire    + . .     SeeInvis +   a - +2 dagger
rCold    + . .     Faith    .   j - +0 buckler
rNeg     . . .     Spirit   +   b - +0 robe
rPois    .         Reflect  .   p - +2 hat
rElec    .         Harm     .   r - scarf {rC+ rF+}
rCorr    .         Rampage  .   (no gloves)
Will     .....                  (no boots)
Stlth    ++++......             (no amulet)
HPRegen  1.10/turn              f - ring of see invisible
MPRegen  0.10/turn              i - +4 ring of protection

@: very slow
A: fangs 2, regeneration 1, magic shield, antimagic bite, no potion heal 2,
hooves 1, deformed body, strong 1
a: Renounce Religion, Bend Time, Temporal Distortion


You were on level 4 of the Dungeon.
You worshipped Cheibriados.
Cheibriados was most pleased with you.
You visited 1 branch of the dungeon, and saw 4 of its levels.

You collected 163 gold pieces.

Inventory:

Hand Weapons
 a - a +2 dagger (weapon)
 o - the +3 rapier "Ujaonuj" {antimagic, *Slow rElec rF+ rN+++ Int+2}
   (You found it on level 4 of the Dungeon)

   It reduces the magical energy of the wielder, and disrupts the spells and
   magical abilities of those it strikes.
   Natural abilities and divine invocations are not affected.
   Int:       It affects your intelligence (+2).
   rF:        It protects you from fire.
   rElec:     It insulates you from electricity.
   rN:        It renders you almost immune to negative energy.
   *Slow:     It may slow you when you take damage.
Missiles
 d - 12 poisoned darts (quivered)
 e - 2 curare-tipped darts
Armour
 b - a +0 robe (worn)
 j - a +0 buckler (worn)
 p - a +2 hat (worn)
 r - a scarf of resistance (worn)
Jewellery
 f - a ring of see invisible (left hand)
 i - a +4 ring of protection (right hand)
Scrolls
 g - a scroll of teleportation {unknown}
 l - a scroll of blinking {unknown}
 m - a scroll of amnesia {unknown}
 n - a scroll of acquirement {unknown}
 q - a scroll of magic mapping {unknown}
Potions
 c - 2 potions of curing {unknown}
 h - a potion of flight
 k - a potion of brilliance


   Skills:
 + Level 2.7 Fighting
 + Level 3.2 Short Blades
 + Level 1.8 Throwing
 + Level 1.8 Dodging
 + Level 7.7 Stealth
 * Level 1.3 Shields


You had 5 spell levels left.
You didn't know any spells.
Your spell library contained the following spells:

 Spells                   Type           Power      Damage    Failure   Level
 Freeze                   Ice            0%         1d3       28%         1
 Dazzling Flash           Conj/Hex       0%         N/A       65%         3
 Frozen Ramparts          Ice            0%         1d2       65%         3
 Hailstorm                Conj/Ice       0%         3d3       96%         4
 Iskenderun's Mystic Bla  Conj/Tloc      0%         2d3       96%         4
 Starburst                Conj/Fire      0%         8x6d3     100%        6


Dungeon Overview and Level Annotations

Branches:
Dungeon (4/15)
 Temple: D:4-7

Altars:
Cheibriados
Gozag
Xom

Annotations:
D:3 2 transporters, 0gre's ghost, amateur GnIE


Innate Abilities, Weirdness & Mutations

You have extremely sharp teeth.
Your natural rate of healing is unusually fast.
When hurt, damage is shared between your health and your magic reserves.
Your bite disrupts and absorbs the magic of your enemies.
Potions cannot restore your health.
You have large cloven feet.
Armour fits poorly on your strangely shaped body.
Your muscles are strong. (Str +2)


Message History

There is an open door here.
You now have 163 gold pieces (gained 16).
There is an open door here.
You see here a +0 short sword.
There is a stone staircase leading down here.
An adder comes into view.
The helpless adder fails to defend itself.
You skewer the adder like a kebab!!!
You kill the adder!
Cheibriados thoroughly appreciates the change of pace.
A goblin comes into view. It is wielding a +0 dagger.
A hobgoblin comes into view.
The helpless goblin fails to defend itself.
You perforate the goblin like a sieve!!!
You kill the goblin!
Cheibriados thoroughly appreciates the change of pace.
The helpless hobgoblin fails to defend itself.
You perforate the hobgoblin like a sieve!!!
You kill the hobgoblin!
Cheibriados appreciates the change of pace.
Items here: ( )) †.
An ogre comes into view. It is wielding a +0 giant club.
The ogre shouts!
The ogre hits you with a +0 giant club!!
Ouch! That really hurt!
The ogre closely misses you.
You are too injured to fight recklessly!
Press: ? - help, v - describe, . - travel The floor, spattered with blood.
You block the ogre's attack. The ogre barely misses you.
You completely miss the ogre. You kick the ogre.
You bite the ogre, but do no damage.
The ogre is lightly wounded.
The ogre hits you with a +0 giant club!!
Ouch! That really hurt!
* * * LOW HITPOINT WARNING * * *
The ogre hits you with a +0 giant club!!
Ouch! That really hurt!
You die...

#.. #.. #.. ##. #. ###
#### ## #### ##.## #..##
## ...### ###...#
##..###. #...## ##@....##
#...... #...###O..##..##
###.....
#........###)..###.....†#
#.......####............#
##....####.......####....
##...## #..##..## ###..
##...## #.# ##.# ###
#....# #. #†# #.....# #.
#.#


You could see an ogre.

Vanquished Creatures
  Sigmund (D:4)
  A kobold brigand (D:4)
  A water moccasin skeleton (D:4)
  6 adders
  A worm (D:2)
  2 dart slugs
  An orc (D:3)
  2 ball pythons (D:2)
  3 bats
  8 endoplasms
  2 giant cockroaches (D:4)
  2 goblins
  4 hobgoblins
  18 jackals
  A kobold (D:2)
  3 quokkas
  4 frilled lizards (D:2)
  A rat (D:1)
61 creatures vanquished.

Vanquished Creatures (others)
  6 plants (D:3)
6 creatures vanquished.

Grand Total: 67 creatures vanquished

Notes
Turn   | Place    | Note
-------+----------+-------------------------------------------
     0 | D:1      | asterach the Vine Stalker Brigand began the quest for the
                  | Orb.
     0 | D:1      | Reached XP level 1. HP: 11/11 MP: 2/2
    95 | D:1      | Found a faded altar of an unknown god.
   109 | D:1      | Reached skill level 5 in Stealth
   128 | D:1      | Became a worshipper of Cheibriados the Contemplative
   128 | D:1      | Reached * piety under Cheibriados
   371 | D:1      | Reached XP level 2. HP: 15/15 MP: 3/3
  1143 | D:2      | Reached ** piety under Cheibriados
  1144 | D:2      | Reached XP level 3. HP: 6/18 MP: 1/4
  1724 | D:2      | Reached skill level 6 in Stealth
  1770 | D:2      | Gained mutation: Your natural rate of healing is unusually
                  | fast. [Vine Stalker growth]
  1770 | D:2      | Reached XP level 4. HP: 19/23 MP: 5/5
  2127 | D:3      | Reached skill level 1 in Dodging
  2196 | D:3      | Gained mutation: Your muscles are strong. (Str +2) [potion
                  | of mutation]
  2196 | D:3      | Gained mutation: Armour fits poorly on your strangely
                  | shaped body. [potion of mutation]
  2196 | D:3      | Gained mutation: You have large cloven feet. [potion of
                  | mutation]
  2383 | D:3      | Found a transporter.
  2389 | D:3      | Found a transporter.
  2445 | D:3      | Identified the +9 spear of Propriety {venom, Dex+4}
  2559 | D:3      | Reached *** piety under Cheibriados
  2613 | D:3      | Noticed 0gre's ghost (amateur GnIE)
  2766 | D:4      | Noticed a kobold brigand
  2780 | D:4      | Killed a kobold brigand
  2781 | D:4      | Reached skill level 7 in Stealth
  2781 | D:4      | Reached XP level 5. HP: 15/27 MP: 6/6
  2882 | D:4      | Reached XP level 6. HP: 32/32 MP: 7/7
  2937 | D:4      | Noticed Sigmund
  2946 | D:4      | Killed Sigmund
  2947 | D:4      | Reached skill level 1 in Shields
  2955 | D:4      | Identified the +3 rapier "Ujaonuj" {antimagic, *Slow rElec
                  | rF+ rN+++ Int+2}
  3000 | D:4      | Found a shimmering altar of Xom.
  3000 | D:4      | Found a snail-covered altar of Cheibriados.
  3000 | D:4      | Found an opulent altar of Gozag.
  3129 | D:4      | Mangled by an ogre

Illustrated notes

Levels and vault maps discovered:
D:1:      scummos_arrival_gate, layout_loops_ring,
          ebering_ecumenical_altar_hall, kennysheep_minor_cross,
          minmay_hedge_maze, glass_columns_b, hangedman_abyss_or_decor_stabs
D:2:      wad_crossroads, layout_basic
D:3:      layout_rooms, gammafunk_ghost_gnarly_gnolls
D:4:      layout_layer_cave, gammafunk_temple_overflow_claw, uniq_sigmund

Skill      XL: |  1  2  3  4  5  6 |
---------------+-------------------+-----
Stealth        | 5 6 7 |  7.7
Fighting       | 2 |  2.7
Short Blades   | 2 3 |  3.2
Dodging        | 1 |  1.8
Shields        | 1 |  1.3
Throwing       | |  1.8

Action                   |  1- 3 |  4- 6 || total
-------------------------+-------+-------++-------
Melee: Dagger            |    68 |    80 ||   148
       Bite              |    16 |    26 ||    42
       Kick              |       |    20 ||    20
  Use: Scroll            |       |     4 ||     4
       Potion            |       |     1 ||     1
 Stab: Sleeping          |     9 |    10 ||    19
Armor: Robe              |    26 |    36 ||    62
Dodge: Dodged            |    45 |    51 ||    96
Block: Buckler           |       |     2 ||     2
